 Dungeon Crawl Stone Soup version 0.31.0-7-gf635a9b802 (webtiles) character file.

Game seed: 1551645050315653275

15 Jokingforfun the Chiller (level 2, -1/20 HPs)
             Began as a Ghoul Ice Elementalist on Jan 23, 2024.
             Was a Follower of Hepliaklqana.
             Slain by Sigmund
             ... wielding a +0 scythe
              (2 damage)
             ... on level 2 of the Dungeon on Jan 24, 2024.
             The game lasted 00:37:50 (468 turns).

Jokingforfun the Chiller (Ghoul Ice Elementalist)    Turns: 468, Time: 00:37:50

Health: -1/20      AC:  3    Str: 11    XL:     2   Next: 50%
Magic:  3/4        EV: 12    Int: 14    God:    Hepliaklqana [*.....]
Gold:   20         SH:  0    Dex:  9    Spells: 3/4 levels left

rFire   . . .        i - +0 spear
rCold   + . .        (no shield)
rNeg    + + +        a - +0 robe
rPois   ∞            (no helmet)
rElec   .            (no cloak)
rCorr   .            (no gloves)
SInv    .            k - +0 pair of boots
Will    .....        (no amulet)
Stlth   ++           (no ring)
HPRegen 0.00/turn    (no ring)
MPRegen 0.09/turn

%: no passive effects
@: inhibited regen
A: reduced essence, claws 1, cold resistance 1, negative energy resistance 3,
inhibited regeneration, torment resistance 2, devour on kill
a: Renounce Religion, Recall Ancestor, Ancestor Identity


You were on level 2 of the Dungeon.
You worshipped Hepliaklqana.
Hepliaklqana was aware of your devotion.
You visited 1 branch of the dungeon, and saw 2 of its levels.

You collected 20 gold pieces.

Inventory:

Hand Weapons
 e - a +0 sling
 i - a +0 spear (weapon)
 l - a +0 whip
Armour
 a - a +0 robe (worn)
 c - a +0 leather armour
 j - a +0 leather armour
 k - a +0 pair of boots (worn)
Scrolls
 g - 2 scrolls of identify {unknown}
 h - a scroll of teleportation {unknown}
 m - a scroll of enchant armour {unknown}
Potions
 b - a potion of magic
 d - a potion of might {unknown}
 n - a potion of cancellation {unknown}


   Skills:
 + Level 1.1 Fighting
 + Level 1.1 Ranged Weapons
 + Level 1.7 Dodging
 + Level 2.2 Stealth
 + Level 1.8 Spellcasting
 + Level 4.5 Ice Magic


You had 3 spell levels left.
You knew the following spells:

 Your Spells              Type           Power      Damage    Failure   Level
a - Freeze                Ice            52%        1d6       3%          1

Your spell library contained the following spells:

 Spells                   Type           Power      Damage    Failure   Level
 Frozen Ramparts          Ice            26%        1d4       12%         3
 Ozocubu's Armour         Ice            13%        N/A       12%         3
 Summon Ice Beast         Ice/Summ       7%         N/A       28%         3


Dungeon Overview and Level Annotations

Branches:
Dungeon (2/15)

Altars:
Hepliaklqana

Annotations:
D:2 Sigmund


Innate Abilities, Weirdness & Mutations

Your life essence is reduced to manifest your ancestor. (-10% HP)
You are immune to poison.
You have sharp fingernails.
Your flesh is cold resistant. (rC+)
You are immune to negative energy. (rN+++)
You do not regenerate when monsters are visible.
You are immune to unholy pain and torment.
You thrive by killing the living.


Message History

Sigmund points at you and mumbles some strange words.
Hori appears confused.
Casting: Freeze (safe; 3% risk of failure)
Confirm with . or Enter, or press ? or * to list all spells.
Aiming: Freeze (safe; 3% risk of failure)
Press: ? - help, Shift-Dir - straight line, f/p - ball python
Aim: a ball python (constricting you)
You freeze the ball python.
You kill the ball python!
Hori misses Sigmund.
The goblin closely misses you.
Sigmund hits Hori with a +0 scythe!
Hori is destroyed!
Your Fighting skill increases to level 1!
The goblin hits you but does no damage. The goblin barely misses you.
Sigmund gestures wildly while chanting.
Sigmund flickers and vanishes!
Deactivating autopickup; reactivate with Ctrl-A.
You see here 16 gold pieces.
Found a pair of gloves.
You are confused.
The frilled lizard attacks as it pursues you!
The frilled lizard bites you.
The frilled lizard attacks as it pursues you!
The frilled lizard bites you.
* * * LOW HITPOINT WARNING * * *
You're too confused to cast spells.
i - a +0 spear (weapon)
You're too confused to aim your attacks!
You closely miss the goblin. The goblin closely misses you.
The frilled lizard barely misses you.
You're too confused to aim your attacks!
Something hits you.
* * * LOW HITPOINT WARNING * * *
You're too confused to aim your attacks!
You closely miss the frilled lizard. The frilled lizard bites you.
* * * LOW HITPOINT WARNING * * *
You feel less confused. The goblin barely misses you. Something hits you.
You die...

############
#...@.g.$..##
#.....gl...†.#
#.[....${......#
#..............#
#................
#.................
#..............##..
##............## #.
......... ..


You could see 2 goblins and a frilled lizard.

Vanquished Creatures
  2 ball pythons
  3 bats (D:1)
  An endoplasm (D:1)
  A giant cockroach (D:1)
  2 quokkas (D:1)
  A kobold (D:1)
10 creatures vanquished.

Vanquished Creatures (collateral kills)
  An endoplasm (D:1)
  A giant cockroach (D:1)
2 creatures vanquished.

Vanquished Creatures (others)
  An ancestor (D:2)
1 creature vanquished.

Grand Total: 13 creatures vanquished

Notes
Turn   | Place    | Note
-------+----------+-------------------------------------------
     0 | D:1      | Jokingforfun the Ghoul Ice Elementalist began the quest for
                  | the Orb.
     0 | D:1      | Reached XP level 1. HP: 14/14 MP: 3/3
   278 | D:1      | Found a faded altar of an unknown god.
   344 | D:1      | Prayed at the altar of an unknown god.
   344 | D:1      | Became a worshipper of Hepliaklqana the Forgotten
   344 | D:1      | Reached * piety under Hepliaklqana
   355 | D:1      | Reached XP level 2. HP: 19/19 MP: 4/4
   379 | D:1      | Reached skill level 1 in Ranged Weapons
   452 | D:2      | Noticed Sigmund
   459 | D:2      | Reached skill level 1 in Fighting
   467 | D:2      | HP: 1/20 [frilled lizard (2)]
   468 | D:2      | Slain by Sigmund

Illustrated notes

Levels and vault maps discovered:
D:1:      dpeg_arrival_water_fire, layout_rooms,
          shapermc_ecumenical_altar_pompeii
D:2:      layout_rooms, uniq_sigmund

Skill      XL: |  1  2 |
---------------+-------+-----
Ranged Weapons | 1 |  1.1
Fighting       | 1 |  1.1
Dodging        | |  1.7
Stealth        | |  2.2
Spellcasting   | |  1.8
Ice Magic      | |  4.5

Action                     || total
---------------------------++-------
  Melee: Spear             ||     2
   Fire: Sling             ||    33
   Cast: Freeze            ||     9
    Use: Potion            ||     1
 Armour: Robe              ||    19
  Dodge: Dodged            ||    20
